 Dungeon Crawl Stone Soup version 0.31-a0-826-ga5cc291a1b (webtiles) character file.

Game seed: 15289706930975892587

2440 qw the Skirmisher (level 9, 0/57 HPs)
             Began as a Gargoyle Hunter on Sept 23, 2023.
             Was an Initiate of Okawaru.
             Slain by Maggie
             ... wielding a +6 vampiric scimitar
              (4 damage)
             ... on level 6 of the Dungeon.
             The game lasted 00:03:01 (5556 turns).

qw the Skirmisher (Gargoyle Hunter)                 Turns: 5556, Time: 00:03:02

Health: 0/57       AC: 15    Str: 15    XL:     9   Next: 49%
Magic:  11/11      EV: 11    Int: 10    God:    Okawaru [......]
Gold:   372        SH:  0    Dex: 17    Spells: 8/8 levels left

rFire   . . .        m - +0 orcbow
rCold   . . .        (shield currently unavailable)
rNeg    + . .        a - +0 ring mail
rPois   inf          (no helmet)
rElec   +            (no cloak)
rCorr   +            (no gloves)
SInv    .            e - +2 pair of boots
Will    .....        (no amulet)
Stlth   +            k - ring of resist corrosion
HPRegen 0.29/turn    (no ring)
MPRegen 0.12/turn

%: no passive effects
@: about to teleport, mesmerised
A: sickness immunity, AC +6, negative energy resistance 1, electricity
resistance, torment resistance 1, petrification resistance
a: Renounce Religion


You were on level 6 of the Dungeon.
You worshipped Okawaru.
Okawaru was noncommittal.
You visited 2 branches of the dungeon, and saw 7 of its levels.
You also visited: Sewer.

You collected 372 gold pieces.


Innate Abilities, Weirdness & Mutations

You are immune to sickness and miasma.
Your stone body is resilient. (AC +6)
You are immune to poison.
You resist negative energy. (rN+)
You are resistant to electric shocks. (rElec)
You are resistant to unholy torment.
You are immune to petrification.


   Skills:
 - Level 7.0 Fighting
 + Level 10.7 Ranged Weapons
 - Level 2.2 Armour
 - Level 2.2 Dodging
 - Level 1.1 Stealth
 - Level 3.2 Invocations


You had 8 spell levels left.
You didn't know any spells.
Your spell library was empty.

Inventory:

Hand Weapons
 m - a +0 orcbow (weapon)
Armour
 a - a +0 ring mail (worn)
 e - a +2 pair of boots (worn)
Jewellery
 k - a ring of resist corrosion (left hand)
Scrolls
 b - 3 scrolls of teleportation
 i - 2 scrolls of identify
 o - a scroll of fog {unknown}
Potions
 c - a potion of magic
 d - 3 potions of curing
 f - 5 potions of might
 g - a potion of haste
 h - a potion of resistance
 j - 4 potions of enlightenment
 l - a potion of mutation
 n - a potion of invisibility {unknown}
 p - a potion of heal wounds {unknown}

Dungeon Overview and Level Annotations

Branches:
Dungeon (6/15)             Temple (1/1) D:4           Sewer (visited)

Altars:
Cheibriados
Elyvilon
Fedhas
Gozag
Makhleb
Okawaru
Qazlal
Ru
Sif Muna
Trog
Uskayaw
Vehumet
Wu Jian
Xom
Yredelemnul
Zin
The Shining One

Annotations:
D:3 1 runed translucent door, Crazy Yiuf
D:6 Maggie


Message History

Maggie is severely wounded.
Maggie zaps a wand.
You struggle to resist.
You shoot an arrow. The arrow closely misses Maggie.
The arrow closely misses the electric eel.
Maggie zaps a wand.
You struggle to resist.
You shoot an arrow. The arrow completely misses Maggie.
The arrow hits the electric eel!
The electric eel is heavily wounded.
Maggie mumbles some strange words.
Maggie draws you further into her thrall.
You shoot an arrow.
The arrow hits Maggie but does no damage.
Maggie is heavily wounded.
Maggie says, "Have you seen any dragons?"
Maggie hits you with a +6 vampiric scimitar!
You shoot an arrow. The arrow closely misses Maggie.
The arrow hits the electric eel.
The electric eel is severely wounded.
Maggie hits you with a +6 vampiric scimitar!
You shoot an arrow. The arrow hits Maggie.
Maggie is severely wounded.
Maggie mumbles some strange words.
Maggie draws you further into her thrall.
You shoot an arrow. The arrow hits Maggie!
Maggie is severely wounded.
Maggie casts a spell at you. The bolt of fire hits you.
You shoot an arrow.
The arrow hits Maggie but does no damage.
Maggie is severely wounded.
Maggie casts a spell at you. The bolt of fire hits you!
5555 ||| READING 4 scrolls of teleportation.
As you read the scroll of teleportation, it crumbles to dust.
You feel strangely unstable.
Maggie hits you with a +6 vampiric scimitar!
You shoot an arrow. The arrow hits Maggie.
Maggie is almost dead.
Maggie hits you with a +6 vampiric scimitar.
You die...

#........# #........#
..~S #........# ..~# ~~
########........# ...~~
~~..
................###..~~
~#~..
#######..>...........~#~
~~~.. #............#.~~~
~~... #..........@......
#~... #.#+##+#.#@.......
~~... #......#.#........
..... ###.##.#.#........
#.. #.##.#.#.#+##### #..
##.##.#.#.# #..
...##.#.#.# #..
#..##.#.#.. #..
#..##.#.### ### #..##.#
#


You could see Maggie (mesmerising) and an electric eel.

Vanquished Creatures
  Prince Ribbit (D:5)
  Grinder (D:3)
  Eustachio (D:4)
  Menkaure (D:6)
  A water moccasin (D:6)
  A black bear (D:4)
  2 ogres (D:6)
  A centaur (D:6)
  2 phantoms (D:5)
  A kobold brigand (D:6)
  4 scorpions
  A bullfrog (D:6)
  2 jellies (D:5)
  5 hounds
  2 orc priests
  A sleepcap (D:5)
  Natasha (thrice) (D:3)
  6 iguanas
  2 orc wizards
  A malarious merfolk avatar (Sewer)
  A sickly merfolk siren (Sewer)
  A mummy (D:5)
  A gnoll (D:1)
  8 adders
  A river rat (Sewer)
  A shadow imp (D:5)
  2 worms
  2 dart slugs (D:3)
  9 orcs
  8 ball pythons
  9 endoplasms
  7 giant cockroaches
  6 goblins
  4 hobgoblins
  A jackal (D:4)
  5 quokkas
  6 bats
  7 frilled lizards
  13 kobolds
  2 kobold zombies (D:5)
  2 orc zombies (D:5)
  31 rats
166 creatures vanquished.

Notes
Turn   | Place    | Note
-------+----------+-------------------------------------------
     0 | D:1      | qw the Gargoyle Hunter began the quest for the Orb.
     0 | D:1      | Reached XP level 1. HP: 12/12 MP: 1/1
     0 | D:1      | 0 ||| qw: Version: 0.3-a-83-gcd0e7d8
     0 | D:1      | 0 ||| qw: Game counter: 1861
     0 | D:1      | 0 ||| qw: Melee chars always use a shield: true
     0 | D:1      | 0 ||| qw: God list: Okawaru
     0 | D:1      | 0 ||| qw: Allow faded altars: false
     0 | D:1      | 0 ||| qw: Do Orc after clearing Dungeon:15 true
     0 | D:1      | 0 ||| qw: Do second Lair branch before Depths: true
     0 | D:1      | 0 ||| qw: Lair rune preference: random
     0 | D:1      | 0 ||| qw: Goals: Normal
     0 | D:1      | 0 ||| PLANNING D:1-11
    26 | D:1      | Reached XP level 2. HP: 17/17 MP: 2/2
    80 | D:1      | You fall into a shaft and drop 1 floor!
    94 | D:2      | Found a faded altar of an unknown god.
   208 | D:2      | Reached XP level 3. HP: 21/21 MP: 3/3
   276 | D:2      | Reached skill level 5 in Ranged Weapons
   287 | D:2      | 287 ||| UPGRADING to +2 pair of boots.
   292 | D:2      | 292 ||| READING scroll labelled WUR VOUNEHIY.
   293 | D:2      | 293 ||| READING scroll labelled MAOLAH HOED.
   294 | D:2      | 294 ||| READING scroll labelled UDWULAD ZUNIAS.
   295 | D:2      | 295 ||| DROPPING scroll of butterflies.
   961 | D:1      | 961 ||| READING 2 scrolls labelled SUESTR YRPHAUSH.
   964 | D:1      | 964 ||| READING scroll labelled KOSSA RAESSORA.
  1389 | D:2      | 1389 ||| DRINKING 2 fuming puce potions.
  1409 | D:3      | 1409 ||| PLANNING SEWER
  1528 | D:3      | Reached skill level 3 in Fighting
  1532 | D:3      | Reached XP level 4. HP: 28/28 MP: 4/4
  1548 | D:3      | 1548 ||| FLEEEEING.
  1549 | D:3      | 1549 ||| FLEEEEING.
  1550 | D:3      | 1550 ||| FLEEEEING.
  1551 | D:3      | 1551 ||| FLEEEEING.
  1569 | D:3      | Found a glowing drain.
  1596 | Sewer    | Entered a sewer
  1598 | Sewer    | 1598 ||| Stepping ~*~*~tactically~*~*~ (water).
  1714 | Sewer    | Reached XP level 5. HP: 15/32 MP: 5/5
  1810 | Sewer    | 1810 ||| Stepping ~*~*~tactically~*~*~ (water).
  1812 | Sewer    | 1812 ||| Stepping ~*~*~tactically~*~*~ (water).
  1832 | Sewer    | Reached skill level 6 in Ranged Weapons
  1857 | Sewer    | Reached skill level 1 in Armour
  1900 | Sewer    | 1900 ||| Stepping ~*~*~tactically~*~*~ (water).
  1980 | Sewer    | 1980 ||| DRINKING 2 fuming purple potions.
  1981 | Sewer    | 1981 ||| READING 3 scrolls of identify.
  1981 | Sewer    | 1981 ||| IDENTIFYING golden potion
  1982 | Sewer    | 1982 ||| READING 2 scrolls of identify.
  1982 | Sewer    | 1982 ||| IDENTIFYING metallic white potion
  1983 | Sewer    | 1983 ||| DROPPING potion of degeneration.
  2007 | D:3      | 2007 ||| PLANNING D:1-11
  2014 | D:3      | Noticed Grinder
  2015 | D:3      | Paralysed by Grinder for 3 turns
  2038 | D:3      | Killed Grinder
  2039 | D:3      | Reached XP level 6. HP: 26/41 MP: 6/6
  2133 | D:3      | Noticed Natasha
  2145 | D:3      | Killed Natasha
  2284 | D:3      | Noticed Natasha
  2289 | D:3      | Killed Natasha
  2290 | D:3      | Reached XP level 7. HP: 45/45 MP: 7/7
  2378 | D:3      | Noticed Natasha
  2392 | D:3      | Killed Natasha
  2532 | D:3      | Found a runed translucent door.
  2536 | D:3      | Noticed Crazy Yiuf
  2666 | D:3      | 2666 ||| UPGRADING to +0 ring mail.
  2676 | D:3      | 2676 ||| DROPPING +0 leather armour.
  2677 | D:3      | 2677 ||| READING scroll labelled IFIWUGRINO.
  2678 | D:3      | 2678 ||| READING scroll labelled TOTRIW ADDU.
  2679 | D:3      | 2679 ||| READING scroll labelled GOADUL TOTA.
  2808 | D:4      | Reached skill level 7 in Ranged Weapons
  3132 | D:4      | Found a staircase to the Ecumenical Temple.
  3133 | D:4      | 3133 ||| PLANNING TEMPLE
  3133 | D:4      | 3133 ||| READING scroll labelled FONAIZAU TEMU.
  3134 | D:4      | 3134 ||| READING 3 scrolls of identify.
  3134 | D:4      | 3134 ||| IDENTIFYING smoky purple potion
  3135 | D:4      | 3135 ||| READING 2 scrolls of identify.
  3135 | D:4      | 3135 ||| IDENTIFYING clear potion
  3144 | Temple   | Entered the Ecumenical Temple
  3145 | Temple   | 3145 ||| PLANNING OKAWARU WORSHIP
  3150 | Temple   | Became a worshipper of Warmaster Okawaru
  3151 | Temple   | 3151 ||| PLANNING D:1-11
  3239 | D:4      | Found a hide-covered altar of Uskayaw.
  3239 | D:4      | Found a sacrificial altar of Ru.
  3491 | D:4      | Found a basalt altar of Yredelemnul.
  3493 | D:4      | Noticed a profane servitor
  3498 | D:4      | Found a glowing golden altar of the Shining One.
  3501 | D:4      | Noticed an angel
  3554 | D:5      | Entered Level 5 of the Dungeon
  3557 | D:5      | 3557 ||| STAIRDANCE
  3562 | D:4      | Reached skill level 8 in Ranged Weapons
  3564 | D:5      | 3564 ||| STAIRDANCE
  3578 | D:4      | Reached XP level 8. HP: 41/51 MP: 8/8
  3668 | D:5      | Noticed Eustachio
  3670 | D:5      | 3670 ||| Stepping ~*~*~tactically~*~*~ (retreating).
  3671 | D:5      | 3671 ||| Stepping ~*~*~tactically~*~*~ (retreating).
  3672 | D:5      | 3672 ||| Stepping ~*~*~tactically~*~*~ (retreating).
  3673 | D:5      | 3673 ||| Stepping ~*~*~tactically~*~*~ (retreating).
  3674 | D:5      | 3674 ||| Stepping ~*~*~tactically~*~*~ (retreating).
  3683 | D:5      | 3683 ||| Stepping ~*~*~tactically~*~*~ (retreating).
  3684 | D:5      | 3684 ||| Stepping ~*~*~tactically~*~*~ (retreating).
  3700 | D:5      | 3700 ||| FLEEEEING.
  3715 | D:5      | 3715 ||| Stepping ~*~*~tactically~*~*~ (retreating).
  3716 | D:5      | 3716 ||| Stepping ~*~*~tactically~*~*~ (retreating).
  3719 | D:5      | HP: 11/51 [river rat[Eustachio] (4)]
  3720 | D:5      | 3720 ||| READING 6 scrolls of teleportation.
  3724 | D:5      | Noticed Prince Ribbit
  3725 | D:5      | 3725 ||| READING 5 scrolls of teleportation.
  3728 | D:5      | 3728 ||| RETREEAATING.
  3872 | D:5      | 3872 ||| RETREEAATING.
  3894 | D:5      | Reached * piety under Okawaru
  3922 | D:5      | 3922 ||| INVOKING Heroism.
  3939 | D:5      | Killed Prince Ribbit
  3940 | D:5      | Reached skill level 9 in Ranged Weapons
  4049 | D:5      | 4049 ||| INVOKING Heroism.
  4297 | D:5      | Reached skill level 1 in Invocations
  4301 | D:5      | Reached skill level 6 in Fighting
  4500 | D:5      | 4500 ||| UPGRADING to ring of resist corrosion.
  4501 | D:5      | 4501 ||| READING scroll labelled DUMMAKLAPAN.
  4505 | D:5      | 4505 ||| FLEEEEING.
  4506 | D:5      | 4506 ||| FLEEEEING.
  4507 | D:5      | 4507 ||| FLEEEEING.
  4508 | D:5      | 4508 ||| FLEEEEING.
  4509 | D:5      | 4509 ||| FLEEEEING.
  4514 | D:5      | 4514 ||| FLEEEEING.
  4515 | D:5      | 4515 ||| FLEEEEING.
  4516 | D:5      | 4516 ||| STAIRDANCE
  4618 | D:4      | 4618 ||| DRINKING 2 metallic orange potions.
  4621 | D:5      | 4621 ||| INVOKING Heroism.
  4622 | D:5      | 4622 ||| STAIRDANCE
  4641 | D:5      | 4641 ||| INVOKING Heroism.
  4649 | D:5      | 4649 ||| STAIRDANCE
  4655 | D:4      | 4655 ||| Stepping ~*~*~tactically~*~*~ (retreating).
  4656 | D:4      | 4656 ||| Stepping ~*~*~tactically~*~*~ (retreating).
  4657 | D:4      | 4657 ||| Stepping ~*~*~tactically~*~*~ (retreating).
  4658 | D:4      | 4658 ||| Stepping ~*~*~tactically~*~*~ (retreating).
  4659 | D:4      | 4659 ||| RETREEAATING.
  4677 | D:4      | Killed Eustachio
  4678 | D:4      | Reached skill level 10 in Ranged Weapons
  4678 | D:4      | Reached XP level 9. HP: 52/55 MP: 10/10
  4791 | D:6      | 4791 ||| INVOKING Heroism.
  4874 | D:6      | 4874 ||| SWAPPING to +0 orcbow.
  4875 | D:6      | 4875 ||| INVOKING Heroism.
  4877 | D:6      | 4877 ||| RETREEAATING.
  4878 | D:6      | 4878 ||| Stepping ~*~*~tactically~*~*~ (retreating).
  4883 | D:6      | 4883 ||| Stepping ~*~*~tactically~*~*~ (retreating).
  4885 | D:6      | 4885 ||| Stepping ~*~*~tactically~*~*~ (retreating).
  4886 | D:6      | 4886 ||| Stepping ~*~*~tactically~*~*~ (retreating).
  4887 | D:6      | 4887 ||| Stepping ~*~*~tactically~*~*~ (retreating).
  4888 | D:6      | 4888 ||| Stepping ~*~*~tactically~*~*~ (retreating).
  4905 | D:6      | 4905 ||| DROPPING +0 shortbow.
  5023 | D:6      | Noticed Menkaure
  5024 | D:6      | 5024 ||| FLEEEEING.
  5034 | D:6      | 5034 ||| INVOKING Heroism.
  5043 | D:6      | Killed Menkaure
  5044 | D:6      | Reached skill level 3 in Invocations
  5164 | D:6      | 5164 ||| INVOKING Heroism.
  5538 | D:6      | Noticed Maggie
  5554 | D:6      | HP: 13/57 [Maggie/bolt of fire (12)]
  5555 | D:6      | 5555 ||| READING 4 scrolls of teleportation.
  5555 | D:6      | HP: 4/57 [Maggie/+6 vampiric scimitar (9)]
  5556 | D:6      | Slain by Maggie

Levels and vault maps discovered:
D:1:      scummos_arrival_star, layout_basic
D:2:      layout_basic, hellmonk_ecumenical_altar_arch_garden,
          amcnicky_mini_rare_corridor_liquid, chequers_serial_rivers_micro_e
D:3:      layout_basic, gup_sewer_entry_glass, uniq_grinder,
          uniq_crazy_yiuf_cottage, uniq_natasha
D:4:      minmay_skewed_foursquare, layout_basic,
          grunt_temple_overflow_holy_war, gammafunk_temple_overflow_elements,
          dk_noncrumbling_3
D:5:      layout_loops_cross, grunt_ministairs_9, hangedman_glass_teeth,
          minmay_mini_ossuary, uniq_eustachio, uniq_prince_ribbit1
D:6:      layout_basic, nicolae_lava_and_water, skrybe_limestone_x,
          minmay_holes, uniq_maggie, uniq_menkaure
Temple:   compressed_dpeg_triangle_lava_temple

Skill      XL: |  1  2  3  4  5  6  7  8  9 |
---------------+----------------------------+-----
Ranged Weapons | 5 6 8 10 | 10.7
Fighting       | 3 5 6 7 |  7.0
Armour         | 1 2 |  2.2
Dodging        | 2 |  2.2
Invocations    | 2 3 |  3.2
Stealth        | |  1.1

Action                     |  1- 3 |  4- 6 |  7- 9 || total
---------------------------+-------+-------+-------++-------
   Fire: Shortbow          |    94 |   196 |   358 ||   648
         Orcbow            |       |       |   100 ||   100
 Invoke: Heroism           |       |       |     8 ||     8
    Use: Scroll            |     5 |     2 |    10 ||    17
         Potion            |     1 |     1 |     1 ||     3
 Armour: Leather armour    |    14 |    57 |    15 ||    86
         Ring mail         |       |       |   224 ||   224
  Dodge: Dodged            |    10 |    43 |   170 ||   223

Table legend:
 A = Non-vault XP
 B = Vault XP
 C = Vault XP percentage of total XP
 D = Non-vault monster count
 E = Vault monster count
 F = Vault count percentage of total count
                 A         B        C        D         E       F
            +---------+---------+-------+---------+---------+-------
      Total |    2189 |    1298 |  37.2 |     101 |      65 |  39.2
            +---------+---------+-------+---------+---------+-------
        D:1 |      35 |       0 |   0.0 |      16 |       0 |   0.0
        D:2 |      23 |       0 |   0.0 |      12 |       0 |   0.0
        D:3 |     132 |     321 |  70.9 |      19 |       6 |  24.0
        D:4 |     409 |     376 |  47.9 |      14 |       7 |  33.3
        D:5 |     707 |     286 |  28.8 |      17 |       6 |  26.1
        D:6 |     883 |     165 |  15.7 |      23 |       1 |   4.2
      Sewer |       0 |     150 | 100.0 |       0 |      45 | 100.0
            +---------+---------+-------+---------+---------+-------
